Map: 에코 - 래더 (공허)

Players

MarineLorD

  • Race: Terran Terran
  • Spawn Location: 11:00

Maru - Winner!

  • Race: Terran Terran
  • League: Diamond
  • Spawn Location: 5:00

Event: WESG 2016 Finals

VOD

Have the link to the VOD?

Description

Time

  • Played on: Jan. 11, 2017, 10:36 p.m.
  • Length: 14:24

All games in this series

Show
View Real Time Build Order
Export as new Build Order

MarineLorD Terran 

Build Orders: Cyclone Opening, Reaper Expand, Mech 

Get SALT Encoding   

  12  0:00  SCV  
  13  0:12  SCV  
  14  0:17  Supply Depot  
  14  0:24  SCV  
  15  0:29  Refinery  
  15  0:38  SCV  
  16  0:43  Barracks  
  16  0:50  SCV  
  17  1:02  SCV  
  18  1:15  SCV  
  19  1:29  Orbital Command  
  19  1:30  Reaper  
  20  1:41  Command Center  
  20  1:52  Factory  
  20  1:55  SCV  
  21  2:01  Refinery  
  21  2:07  Barracks Reactor, SCV  
  22  2:12  Supply Depot  
  22  2:20  SCV  
  23  2:34  SCV  
  24  2:46  Hellion, Cyclone  
  29  2:51  SCV  
  29  2:55  Starport  
  30  2:59  Orbital Command  
  30  3:03  Barracks Tech Lab  
  30  3:07  Hellion  
  32  3:16  SCV  
  32  3:18  Hellion  
  33  3:30  Hellion  
  33  3:33  Viking  
  36  3:35  SCV x2  
  36  3:40  Hellion  
  40  3:45  Supply Depot  
  40  3:51  SCV  
  40  3:52  SCV  
  40  3:54  Engineering Bay  
  42  4:03  Hellion x2  
  42  4:09  SCV x2  
  48  4:12  Raven  
  50  4:21  SCV  
  51  4:24  Hellion  
  53  4:32  Hellion  
  53  4:33  SCV  
  51  4:41  Barracks Reactor  
  51  4:42  Factory  
  51  4:44  SCV  
  52  4:47  Supply Depot  
  52  4:49  Supply Depot  
  52  4:50  SCV  
  53  4:56  SCV  
  54  5:05  Command Center  
  54  5:09  SCV x2  
  54  5:13  Hellion, Supply Depot  
  58  5:14  Supply Depot  
  58  5:21  SCV  
  58  5:31  Viking x2  
  58  5:34  SCV x2  
  61  5:43  Hellion x2  
  61  5:49  SCV x2  
  67  5:53  Siege Tank  
  70  6:01  SCV x2  
  72  6:04  Missile Turret  
  72  6:10  Viking x2  
  76  6:18  SCV x2  
  77  6:23  Hellion x2  
  81  6:29  Refinery  
  81  6:30  Refinery, Supply Depot  
  81  6:31  SCV, Supply Depot  
  82  6:34  Orbital Command  
  82  6:37  SCV  
  83  6:43  SCV  
  83  6:46  Viking x2  
  88  6:51  Siege Tank  
  88  6:52  SCV  
  90  6:55  SCV  
  91  7:04  SCV  
  91  7:05  SCV  
  91  7:07  SCV  
  94  7:09  Factory  
  94  7:10  Armory  
  94  7:16  SCV  
  94  7:17  SCV  
  94  7:19  Widow Mine x2  
  94  7:20  SCV  
  101  7:26  Refinery  
  101  7:27  Refinery  
  101  7:28  SCV  
  102  7:31  Supply Depot  
  102  7:32  SCV  
  102  7:35  Supply Depot, Medivac  
  102  7:36  Medivac  
  107  7:37  SCV  
  110  7:45  Siege Tank  
  110  7:47  SCV x2  
  110  7:48  Hellion x2  
  117  7:53  SCV  
  117  7:55  Supply Depot  
  117  7:56  Supply Depot, Factory Tech Lab  
  117  7:58  Terran Vehicle Weapons Level 1  
  118  7:59  SCV  
  118  8:01  Supply Depot  
  118  8:02  SCV  
  120  8:06  Missile Turret  
  120  8:07  SCV  
  120  8:11  Viking x2, SCV  
  126  8:14  SCV  
  126  8:16  Siege Tank  
  126  8:19  SCV  
  131  8:23  SCV  
  132  8:29  Hellbat x2, Siege Tank  
  139  8:34  SCV  
  139  8:35  Factory  
  139  8:36  Factory  
  139  8:38  Supply Depot, Missile Turret  
  140  8:46  Missile Turret  
  140  8:48  Missile Turret  
  140  8:50  Siege Tank  
  140  8:51  Sensor Tower  
  143  8:56  Viking x2  
  145  9:06  Hellbat x2, Siege Tank  
  152  9:23  Missile Turret  
  152  9:25  Hellion x5  
  152  9:26  Hellion x8  
  146  9:36  Thor  
  146  9:38  Thor  
  146  9:41  Command Center  
  146  9:49  Factory Tech Lab  
  146  9:50  Factory Reactor  
  146  9:53  Viking, Supply Depot x2  
  146  9:54  Viking  
  146  9:58  SCV x2  
  146  9:59  SCV  
  151  10:07  Hellbat  
  151  10:10  SCV  
  151  10:12  Siege Tank  
  155  10:19  Infernal Pre-Igniter  
  153  10:24  Viking x2  
  149  10:31  Starport x2  
  149  10:35  Siege Tank x2  
  155  10:46  Terran Vehicle And Ship Armor Level 1  
  155  10:48  Armory  
  155  10:53  Hellion x5, Command Center  
  155  10:56  Viking x2  
  167  11:14  Siege Tank x2  
  173  11:19  Starport Reactor  
  173  11:24  Starport Tech Lab  
  171  11:31  Siege Tank  
  171  11:32  Hellbat x2  
  117  11:46  Viking x3  
  123  11:48  Hellion x4  
  123  11:53  Hellion x2  
  135  12:03  Terran Ship Weapons Level 1, Command Center  
  135  12:04  Hellion  
  135  12:09  Hellion x2  
  135  12:10  Hellion x2  
  135  12:15  Hellion  
  132  12:21  Hellion  
  132  12:25  Hellion, Viking x2  
  132  12:26  Viking  
  127  12:30  Viking  
  129  12:39  Hellion  
  127  12:44  Refinery, Hellion  
  123  12:53  Refinery, Missile Turret  
  123  12:55  Missile Turret, Siege Tank  
  123  13:09  Siege Tank x2  
  129  13:15  Viking x2  
  131  13:33  Hellion x2  
  131  13:35  Siege Tank  
  131  13:39  Refinery  
  131  13:41  Refinery, Siege Tank  
  137  13:50  Hellion x7  
  137  13:51  Viking x2  
  140  14:06  Supply Depot  
Show
View Real Time Build Order
Export as new Build Order

Maru Terran - Winner!

Build Orders: 1/1/1, Cyclone Opening, MMM Bio 

Get SALT Encoding   

  12  0:00  SCV  
  13  0:12  SCV  
  14  0:17  Supply Depot  
  14  0:24  SCV  
  14  0:27  Refinery  
  15  0:38  SCV  
  16  0:43  Barracks  
  16  0:50  SCV  
  16  0:54  Refinery  
  17  1:02  SCV  
  18  1:14  SCV  
  19  1:31  Orbital Command, Reaper  
  20  1:34  Factory  
  20  1:52  Supply Depot  
  20  1:57  SCV  
  21  2:03  Reaper  
  22  2:09  SCV  
  23  2:17  Cyclone  
  23  2:20  Starport  
  23  2:21  SCV  
  27  2:31  Supply Depot  
  27  2:33  SCV  
  27  2:36  Barracks Tech Lab  
  28  2:45  SCV  
  28  2:51  Hellion  
  31  3:02  SCV  
  32  3:05  Raven  
  32  3:10  Barracks Reactor  
  34  3:15  SCV  
  34  3:18  Command Center  
  35  3:30  SCV  
  35  3:32  Factory Tech Lab  
  33  3:42  SCV  
  33  3:46  Command Center  
  34  3:54  SCV, Siege Tank  
  36  3:57  Marine  
  36  3:58  Marine  
  38  4:06  SCV  
  38  4:07  Supply Depot  
  39  4:19  Raven  
  39  4:21  SCV  
  36  4:32  Marine  
  36  4:33  SCV  
  36  4:37  Siege Tank  
  37  4:45  SCV, Orbital Command  
  37  4:52  Marine x2  
  40  4:58  SCV  
  40  4:59  Orbital Command  
  41  5:10  SCV  
  42  5:21  Siege Tank  
  42  5:22  Viking, SCV x2  
  49  5:28  Viking  
  49  5:30  SCV  
  49  5:34  SCV x2  
  52  5:42  Refinery, SCV  
  53  5:43  Refinery  
  53  5:44  Marine  
  53  5:46  SCV  
  53  5:47  Stimpack, Orbital Command  
  53  5:48  SCV  
  56  5:58  SCV  
  56  6:00  SCV  
  56  6:01  Viking  
  60  6:08  Engineering Bay x2  
  60  6:10  SCV  
  61  6:12  SCV  
  61  6:15  Siege Tank  
  61  6:17  SCV  
  66  6:22  SCV  
  66  6:24  SCV  
  68  6:26  Supply Depot  
  68  6:29  SCV  
  68  6:30  Viking  
  68  6:31  Viking  
  73  6:34  SCV  
  73  6:35  Barracks  
  73  6:36  SCV  
  72  6:50  Terran Infantry Armor Level 1, Terran Infantry Weapons Level 1  
  72  6:52  SCV x3  
  72  6:53  Barracks  
  75  6:55  Barracks  
  75  6:57  Barracks  
  75  7:02  Viking x2  
  75  7:04  SCV x2  
  75  7:07  Supply Depot  
  81  7:13  SCV  
  81  7:14  Supply Depot  
  82  7:16  SCV x2  
  84  7:28  SCV, Supply Depot  
  84  7:29  SCV x2, Siege Tank  
  90  7:33  Viking  
  90  7:34  Barracks Reactor  
  90  7:36  Viking  
  94  7:38  Supply Depot  
  94  7:39  Supply Depot  
  94  7:41  SCV x2  
  94  7:43  Barracks Tech Lab  
  96  7:44  Barracks Tech Lab, Barracks Reactor  
  96  7:52  SCV  
  96  7:53  SCV x2  
  96  7:56  Refinery x2, Supply Depot  
  99  7:59  Combat Shields  
  99  8:00  Marauder  
  99  8:02  Marauder  
  99  8:04  SCV  
  99  8:05  Marauder  
  106  8:07  SCV x2  
  106  8:12  Viking  
  110  8:14  Marine x2  
  110  8:16  Viking  
  114  8:21  SCV x3  
  114  8:24  Armory  
  117  8:28  Marauder x2, Marine  
  117  8:29  Marine  
  117  8:30  Marine  
  117  8:31  Concussive Shells  
  124  8:35  Marine, Siege Tank  
  128  8:47  Supply Depot  
  128  8:50  Marine x2  
  128  8:51  Marauder  
  128  8:54  Command Center  
  133  8:55  Marauder  
  133  9:00  Supply Depot  
  133  9:01  Command Center  
  133  9:04  Supply Depot  
  133  9:08  Viking x2  
  137  9:17  Marine, Siege Tank  
  137  9:21  Supply Depot  
  137  9:22  Marine x3, Marauder x2  
  148  9:25  Terran Infantry Weapons Level 2, Terran Infantry Armor Level 2  
  148  9:26  Marauder  
  144  9:35  Marine  
  139  9:39  Marine x3  
  139  9:41  Medivac x2  
  139  9:44  Marauder x2  
  150  9:46  Terran Vehicle Weapons Level 1  
  150  9:47  Marauder  
  150  9:48  Missile Turret  
  150  9:49  Missile Turret  
  152  9:53  Marine  
  153  10:04  Supply Depot  
  153  10:05  Marauder x2  
  157  10:07  Barracks x2  
  157  10:10  Medivac  
  157  10:11  Marine, Medivac  
  162  10:16  SCV  
  162  10:17  SCV x2  
  160  10:33  Marine, Marauder x2  
  165  10:40  SCV x2, Medivac  
  165  10:41  Medivac  
  171  10:51  Marine  
  171  10:52  Marauder  
  171  10:55  Marauder  
  176  10:57  Marine  
  176  10:58  Marauder, Barracks Tech Lab x2  
  176  11:00  Barracks  
  179  11:09  Planetary Fortress  
  179  11:11  Supply Depot  
  179  11:13  Marauder, Missile Turret  
  181  11:23  Marine  
  181  11:24  Marauder x2  
  186  11:32  Marine, Marauder  
  159  11:37  Marine x2, Marauder x2  
  145  11:41  Marine  
  145  11:45  Marauder x2  
  150  11:49  Marine  
  150  11:54  Marauder  
  145  11:55  Marine x2, Siege Tank  
  145  11:59  Marauder x2, Marine  
  155  12:06  Marine  
  155  12:07  Marauder, Marine  
  159  12:12  Marine  
  159  12:13  Marine  
  159  12:15  Marauder  
  161  12:20  Marauder  
  161  12:21  Marine, Marauder  
  160  12:24  Marauder  
  160  12:25  Marine  
  160  12:28  Marauder  
  155  12:30  Marine x2  
  155  12:36  Marauder  
  155  12:39  Marine  
  155  12:41  Marauder  
  155  12:42  Marine  
  155  12:43  Marine  
  152  12:46  Marauder  
  152  12:48  Marine x2  
  152  12:49  Marauder  
  152  12:56  Marine  
  152  12:58  Marauder  
  153  13:00  Marauder, Siege Tank  
  153  13:01  Marine  
  153  13:03  Marauder, Barracks Reactor  
  159  13:06  Marine x2  
  159  13:07  Marauder  
  159  13:10  Marine, Medivac x2  
  168  13:14  Marine  
  168  13:19  Marine, Marauder  
  172  13:22  Marauder  
  172  13:24  Marine x3  
  177  13:28  Marine, Marauder  
  177  13:32  Marine  
  181  13:36  Marine  
  181  13:40  Medivac x2  
  181  13:41  Marauder, Marine  
  187  13:42  Marine, Marauder  
  187  13:43  Marauder  
  187  13:47  Marine  
  187  13:48  Marauder  
  196  13:51  Marine  
  196  14:01  Missile Turret  
Tags
 
Add a new tag
Caveats
  • Supply blocks, unpowered buildings, or Contaminate may cause inaccurate times.
  • Supply counts are checked every 10 seconds.